 Dungeon Crawl Stone Soup version 0.30-a0-840-ga523dec638 (webtiles) character file.

Game seed: 8400648944774846905

30165 Monkooky the Stormcaller (level 13, -31/72 HPs)
             Began as a Tengu Hedge Wizard on Feb 28, 2023.
             Was a High Priest of Sif Muna.
             Annihilated by Donald
             ... wielding a +3 broad axe of flaming
              (47 damage)
             ... on level 2 of the Orcish Mines on Mar 1, 2023.
             The game lasted 00:58:43 (15648 turns).

Monkooky the Stormcaller (Tengu Hedge Wizard)      Turns: 15648, Time: 00:58:43

Health: -31/72     AC: 10    Str: 11    XL:     13   Next: 49%
Magic:  12/24      EV: 17    Int: 19    God:    Sif Muna [*****.]
Gold:   686        SH:  0    Dex: 14    Spells: 3/26 levels left

rFire   + . .      SeeInvis .    G - +7 rapier (venom)
rCold   + . .      Faith    .    (no shield)
rNeg    . . .      Spirit   .    f - +2 robe {rC+}
rPois   .          Reflect  .    c - +2 hat
rElec   .          Harm     .    B - scarf {repulsion}
rCorr   .          Rampage  .    (no gloves)
Will    .....                    (boots unavailable)
Stlth   ++                       A - amulet of magic regeneration
HPRegen 0.32/turn                P - +4 ring of protection
MPRegen 0.59/turn                i - ring of protection from fire

@: about to teleport, flying quickly and evasively, repel missiles, quick
A: beak, talons 3, nimble flight
a: Renounce Religion, Channel Magic, Forget Spell, Divine Exegesis


You were on level 2 of the Orcish Mines.
You worshipped Sif Muna.
Sif Muna was extremely pleased with you.
You visited 3 branches of the dungeon, and saw 14 of its levels.
You also visited: Volcano.

You collected 1166 gold pieces.
You spent 480 gold pieces at shops.

Inventory:

Hand Weapons
 G - a +7 rapier of venom (weapon)
 S - the +4 short sword "Bil Poi" {flame, *Rage rPois Dex+8}
   (You found it on level 10 of the Dungeon)

   Dex:       It affects your dexterity (+8).
   rPois:     It protects you from poison.
   *Rage:     It berserks you when you make melee attacks (+20% chance).
Missiles
 m - 15 boomerangs
 o - a throwing net
 w - 3 curare-tipped darts
Armour
 b - a +0 robe
 c - a +2 hat (worn)
 f - a +2 robe of cold resistance (worn)
 t - a +3 ring mail of willpower
 B - a scarf of repulsion (worn)
 V - a +3 ring mail of fire resistance
Magical Staves
 T - a staff of cold
Jewellery
 g - a ring of see invisible
 i - a ring of protection from fire (right hand)
 A - an amulet of magic regeneration (around neck)
 O - an amulet of regeneration
 P - a +4 ring of protection (left hand)
 Y - a ring of positive energy
Wands
 a - a wand of iceblast (18)
 F - a wand of charming (14)
 I - a wand of flame (22)
 J - a wand of quicksilver (7)
 X - a wand of polymorph (7)
Scrolls
 e - a scroll of fog
 p - 3 scrolls of vulnerability
 r - 3 scrolls of blinking
 v - 3 scrolls of immolation
 y - 7 scrolls of teleportation
 z - 2 scrolls of amnesia
 D - a scroll of brand weapon
 H - 2 scrolls of enchant armour
 M - 2 scrolls of butterflies
 N - 5 scrolls of fear
 Q - a scroll of torment
Potions
 d - 3 potions of magic
 h - a potion of heal wounds
 j - 4 potions of brilliance {unknown}
 k - 3 potions of degeneration {unknown}
 l - 3 potions of curing
 n - 2 potions of ambrosia {unknown}
 q - 2 potions of invisibility {unknown}
 s - 2 potions of flight {unknown}
 u - 2 potions of berserk rage {unknown}
 x - 2 potions of lignification
 C - 3 potions of mutation {unknown}
 E - 4 potions of cancellation {unknown}
 K - a potion of attraction
 L - a potion of experience
 U - a potion of might
 W - a potion of resistance
Miscellaneous
 Z - a phantom mirror (inert)


   Skills:
 - Level 5.1 Fighting
 - Level 8.1 Short Blades
 - Level 6.1 Dodging
 - Level 2.3 Stealth
 - Level 7.1 Spellcasting
 - Level 14.0 Conjurations
 - Level 1.8 Summonings
 - Level 1.1 Translocations
 * Level 6.5 Transmutations
 + Level 15.0 Air Magic
 - Level 3.1 Poison Magic
 - Level 5.2 Evocations


You had 3 spell levels left.
You knew the following spells:

 Your Spells              Type           Power      Damage    Failure   Level
a - Magic Dart            Conj           100%       1d8       1%          1
b - Sandblast             Erth           12%        2d6       10%         1
c - Mephitic Cloud        Conj/Pois/Air  47%        N/A       1%          3
d - Stone Arrow           Conj/Erth      66%        3d11      1%          3
e - Conjure Ball Lightni  Conj/Air       29%        3x3d8     3%          6
f - Passwall              Tmut/Erth      15%        N/A       4%          2
g - Storm Form            Tmut/Air       23%        N/A       71%         7

Your spell library contained the following spells:

 Spells                   Type           Power      Damage    Failure   Level
 Cigotuvi's Dreadful Rot  Necr/Pois/Air  58%        N/A       1%          2
 Momentum Strike          Conj/Tloc      70%        3d9       1%          2
 Spider Form              Tmut/Pois      25%        N/A       4%          3
 Call Imp                 Summ           13%        N/A       7%          2
 Slow                     Hex            24%        N/A       10%         1
 Blink                    Tloc           22%        N/A       10%         2
 Lesser Beckoning         Tloc           22%        N/A       10%         2
 Ensorcelled Hibernation  Hex/Ice        12%        N/A       16%         2
 Sublimation of Blood     Necr           6%         N/A       16%         2
 Anguish                  Hex/Necr       3%         N/A       69%         4
 Borgnjor's Revivificati  Necr           3%         N/A       100%        8
 Discord                  Hex            3%         N/A       100%        8
 Disjunction              Tloc           5%         N/A       100%        8


Dungeon Overview and Level Annotations

Branches:
Dungeon (11/15)            Temple (0/1) D:6            Lair (1/5) D:11
    Orc (2/2) D:9             Elf (0/3) Orc:2       Volcano (visited)

Altars:
Elyvilon
Gozag
Makhleb
Nemelex Xobeh
Okawaru
Qazlal
Sif Muna
Uskayaw

Shops:
Orc:1 *

Annotations:
D:3 exclusion: 2 downstairs
D:4 exclusion: downstairs
D:5 exclusion: downstairs
D:9 Erolcha
Orc:2 Donald


Innate Abilities, Weirdness & Mutations

You have a beak for a mouth.
You have claws for feet.
Your magical nature lets you fly swiftly and evasively.


Message History

Saint Roka is engulfed in blazing flames.
Flame seeps out of Saint Roka.
Saint Roka mumbles some strange prayers to Beogh against you.
Beogh smites you!
Donald is engulfed in poison gas.
Donald is poisoned.
As you read the scroll of teleportation, it crumbles to dust.
You feel strangely unstable.
Donald is engulfed in poison gas.
Donald looks even sicker.
Saint Roka is engulfed in blazing flames.
Flame seeps out of Saint Roka.
The orc warrior shoots a bolt.
The bolt closely misses you.
The bolt hits Donald!!
Donald looks even sicker.
You feel much better.
Saint Roka is engulfed in blazing flames.
Flame seeps out of Saint Roka.
Saint Roka roars a battlecry!
The orc warrior goes into a battle-frenzy!
The orc warrior shoots a bolt.
The bolt hits you!
Donald is engulfed in poison gas.
Donald looks as sick as possible!
Donald barely misses you.
Press: ? - help, v - describe, . - travel
Here: Saint Roka, wielding a +0 heavy war axe and wearing a +0 plate armour (flame, almost dead, inner flame)
The floor.
Aiming: Stone Arrow (safe; 1% risk of failure)
Press: ? - help, Q - select action, (/) - cycle Shift-Dir - straight line, f - Saint Roka
Aim: Saint Roka, wielding a +0 heavy war axe and wearing a +0 plate armour (flame, almost dead, inner flame, 84% to hit)
The stone arrow hits Saint Roka!
Sif Muna accepts your kill.
Saint Roka explodes!
You hear a shout! x2
Donald is engulfed in poison gas.
Donald looks as sick as possible!
Donald hits you with a +3 broad axe of flaming!!
* * * LOW HITPOINT WARNING * * *
Donald burns you.
* * * LOW HITPOINT WARNING * * *
The chaos spawn is engulfed in poison gas.
The chaos spawn is poisoned.
The orc warrior shoots a bolt.
The bolt hits you.
* * * LOW HITPOINT WARNING * * *
Donald is engulfed in poison gas.
Donald looks as sick as possible!
Donald hits you with a +3 broad axe of flaming!!!
Ouch! That really hurt!
You die...

................
§§§§§§§§§§§§§§§...
§§§§§§§§§§§§§§§...
§§§§§§§§§.§§§§§...
§§§§§§§§§§§§§§§...
§§§§§§§.§§§§§§☼...
§§§§§§§.§§§§°§§).o
§§§§§§§@§§..○§§)).
§§§§§§§@§.§°§)°).)
§§§§§§§§§§§§§°○...
§§§§§§§§§§§§☼○§.o.
§§§§§§§§§§#§○°○...
§§§§§§§§§§§.§§○...
§§§§§o#§§§§§.4§...
§§#§§§§#§§§§§.§..
§###§§§.§§§§§§..


You could see Donald (fast, strong, extremely poisoned, reflecting), a chaos
spawn (summoned, poisoned) and an orc warrior (strong).

Vanquished Creatures
  Saint Roka (Orc:2)
  A red draconian (Volcano)
  An ogre mage (Volcano)
  Fannar (Orc:1)
  A centaur warrior (D:10)
  8 two-headed ogres
  A boulder beetle (D:11)
  An orc high priest (Orc:1)
  Pikel (D:6)
  3 orc knights
  A wolf spider (D:11)
  An orc sorcerer (Orc:1)
  7 cyclopes
  2 manticores (D:11)
  A black mamba (D:11)
  An elephant (D:11)
  2 gargoyles (D:11)
  A kobold demonologist (D:9)
  A yaktaur (D:11)
  2 unseen horrors
  A komodo dragon (D:11)
  An efreet (D:9)
  3 hornets
  5 trolls
  3 shadows
  A vampire (D:9)
  2 humans (D:9)
  4 fire bats (D:11)
  2 wyverns
  17 yaks
  A steam dragon (D:7)
  A vampire mosquito (D:11)
  Eustachio (D:4)
  Menkaure (D:5)
  4 wargs
  Duvessa (D:6)
  An acid dragon (D:11)
  A hell hound (D:11)
  5 water moccasins
  16 orc warriors
  2 black bears (D:11)
  2 ice beasts
  3 sky beasts
  5 ogres
  A boggart (D:11)
  6 centaurs
  2 lemures
  4 kobold brigands
  Blork the orc (D:5)
  3 bullfrogs
  2 scorpions
  3 wights
  Dowan (D:6)
  5 killer bees
  3 howler monkeys (D:8)
  2 lava snakes (D:11)
  A hound (D:5)
  3 gnoll boudas
  9 orc priests
  5 iguanas
  11 orc wizards
  9 gnolls
  3 adders (D:5)
  A shadow imp (D:8)
  2 ufetubi
  3 worms
  37 orcs
  6 ball pythons
  5 bats
  8 endoplasms
  A giant cockroach (D:3)
  7 goblins
  5 hobgoblins
  3 jackals
  18 kobolds
  4 quokkas
  4 frilled lizards
  6 rats
  3 fire vortices (D:11)
308 creatures vanquished.

Vanquished Creatures (collateral kills)
  2 vampire mosquitoes (D:11)
  2 ball lightnings (D:11)
4 creatures vanquished.

Vanquished Creatures (others)
  29 ball lightnings
  3 fungi (D:11)
32 creatures vanquished.

Grand Total: 344 creatures vanquished

Notes
Turn   | Place    | Note
-------+----------+-------------------------------------------
     0 | D:1      | Monkooky the Tengu Hedge Wizard began the quest for the
                  | Orb.
     0 | D:1      | Reached XP level 1. HP: 10/10 MP: 5/5
     0 | D:1      | Upgraded the game from 0.30-a0-830-gfe289a77b0 to
                  | 0.30-a0-840-ga523dec638
   248 | D:1      | Reached XP level 2. HP: 15/15 MP: 4/7
   298 | D:1      | Reached skill level 1 in Translocations
   320 | D:1      | Learned a level 1 spell: Sandblast
   802 | D:1      | Found a faded altar of an unknown god.
   865 | D:1      | Prayed at the altar of an unknown god.
   865 | D:1      | Became a worshipper of Sif Muna the Loreminder
   865 | D:1      | Reached * piety under Sif Muna
  1045 | D:2      | Reached XP level 3. HP: 19/19 MP: 4/8
  1155 | D:2      | Learned a level 3 spell: Mephitic Cloud
  1279 | D:2      | You fall into a shaft and drop 2 floors!
  1375 | D:4      | Reached skill level 1 in Air Magic
  1500 | D:4      | Noticed Eustachio
  2036 | D:2      | Reached skill level 2 in Air Magic
  2306 | D:3      | Reached XP level 4. HP: 24/24 MP: 5/9
  2698 | D:3      | Reached skill level 3 in Air Magic
  3041 | D:3      | Found a hide-covered altar of Uskayaw.
  3041 | D:3      | Found a sparkling altar of Nemelex Xobeh.
  3049 | D:3      | Found a faded altar of an unknown god.
  3051 | D:3      | Found a faded altar of an unknown god.
  3053 | D:3      | Found a white marble altar of Elyvilon.
  3452 | D:4      | Noticed an ice beast
  3594 | D:4      | Learned a level 3 spell: Stone Arrow
  4053 | D:5      | Entered Level 5 of the Dungeon
  4072 | D:5      | Gained mutation: Your magical nature lets you fly swiftly
                  | and evasively. [Tengu growth]
  4072 | D:5      | Reached XP level 5. HP: 12/28 MP: 8/10
  4134 | D:5      | Reached skill level 5 in Conjurations
  4146 | D:5      | Reached XP level 6. HP: 13/32 MP: 9/11
  4541 | D:4      | Killed Eustachio
  4542 | D:4      | Reached skill level 4 in Air Magic
  4690 | D:4      | Killed an ice beast
  4691 | D:4      | Reached XP level 7. HP: 27/36 MP: 6/12
  4756 | D:5      | Noticed a yak
  4758 | D:5      | Reached ** piety under Sif Muna
  4758 | D:5      | Noticed a yak
  4759 | D:5      | Noticed a yak
  4819 | D:5      | Found an opulent altar of Gozag.
  4819 | D:5      | Noticed Menkaure
  4929 | D:5      | Found a stormy altar of Qazlal.
  5001 | D:5      | Killed a yak
  5002 | D:5      | Reached skill level 1 in Fighting
  5006 | D:5      | Killed a yak
  5013 | D:5      | Killed a yak
  5014 | D:5      | Reached XP level 8. HP: 38/45 MP: 10/13
  5062 | D:5      | Noticed Blork the orc
  5169 | D:5      | Killed Blork the orc
  5243 | D:5      | Killed Menkaure
  5244 | D:5      | Reached skill level 5 in Short Blades
  5821 | D:6      | Noticed Pikel
  5961 | D:6      | Killed Pikel
  5962 | D:6      | Reached skill level 5 in Fighting
  5962 | D:6      | Reached XP level 9. HP: 44/54 MP: 14/14
  6107 | D:6      | Found a burning altar of Makhleb.
  6125 | D:6      | Noticed Dowan
  6252 | D:6      | Found a staircase to the Ecumenical Temple.
  6568 | D:6      | Noticed Duvessa
  6579 | D:6      | Killed Duvessa
  6580 | D:6      | Reached skill level 5 in Dodging
  6583 | D:6      | Killed Dowan
  7134 | D:7      | Reached skill level 5 in Air Magic
  7223 | D:7      | Reached skill level 6 in Air Magic
  7223 | D:7      | Reached XP level 10. HP: 59/59 MP: 16/16
  7238 | D:7      | Reached *** piety under Sif Muna
  7509 | D:8      | Learned a level 6 spell: Conjure Ball Lightning
  7818 | D:8      | Identified the +6 hand axe of Wyrd {flame, *Noise rPois
                  | Dex+6 SInv}
  8137 | D:8      | Reached skill level 7 in Air Magic
  8548 | D:9      | Found a staircase to the Orcish Mines.
  8582 | D:9      | Reached skill level 8 in Air Magic
  8924 | D:9      | Reached skill level 1 in Evocations
  8927 | D:9      | Noticed a kobold demonologist
  8960 | D:9      | Killed a kobold demonologist
  8962 | D:9      | Found an iron altar of Okawaru.
  8991 | D:9      | Noticed a manticore
  9406 | D:10     | Entered Level 10 of the Dungeon
  9408 | D:10     | Identified the +4 short sword "Bil Poi" {flame, *Rage rPois
                  | Dex+8}
  9408 | D:10     | Noticed a two-headed ogre
  9410 | D:10     | Noticed a cyclops
  9506 | D:9      | Noticed an unseen horror
  9510 | D:9      | Killed an unseen horror
  9511 | D:9      | Reached skill level 5 in Evocations
  9511 | D:9      | Reached XP level 11. HP: 21/63 MP: 16/18
  9869 | D:10     | Killed a two-headed ogre
  9870 | D:10     | Reached skill level 10 in Conjurations
  9870 | D:10     | Reached skill level 9 in Air Magic
  9952 | D:10     | Killed a cyclops
  9953 | D:10     | Reached skill level 5 in Spellcasting
 10168 | D:10     | Reached **** piety under Sif Muna
 10614 | D:10     | Reached skill level 10 in Air Magic
 10647 | D:10     | Noticed a cyclops
 10652 | D:10     | Noticed a centaur warrior
 10662 | D:10     | Killed a centaur warrior
 10663 | D:10     | Noticed a cyclops
 10664 | D:10     | Killed a cyclops
 10699 | D:10     | Killed a cyclops
 10963 | Orc:1    | Entered Level 1 of the Orcish Mines
 10996 | Orc:1    | Found a dark tunnel.
 11014 | Volcano  | Entered a volcano
 11032 | Volcano  | Noticed a two-headed ogre
 11032 | Volcano  | Noticed a red draconian
 11032 | Volcano  | Noticed a two-headed ogre
 11035 | Volcano  | Killed a two-headed ogre
 11036 | Volcano  | Reached skill level 11 in Air Magic
 11039 | Volcano  | Killed a red draconian
 11041 | Volcano  | Killed a two-headed ogre
 11042 | Volcano  | Reached XP level 12. HP: 68/68 MP: 3/22
 11120 | Volcano  | Noticed a two-headed ogre
 11151 | Volcano  | Killed a two-headed ogre
 11181 | Volcano  | Noticed an ogre mage
 11183 | Volcano  | Noticed a two-headed ogre
 11188 | Volcano  | Killed a two-headed ogre
 11189 | Volcano  | Killed an ogre mage
 11190 | Volcano  | Reached skill level 12 in Air Magic
 11299 | Volcano  | Noticed a two-headed ogre
 11306 | Volcano  | Killed a two-headed ogre
 11358 | Orc:1    | Noticed an orc high priest
 11567 | Orc:1    | Killed an orc high priest
 11665 | Orc:1    | Learned a level 2 spell: Passwall
 11856 | Orc:1    | Noticed Fannar
 11989 | Orc:1    | Killed Fannar
 12317 | Orc:1    | Noticed a two-headed ogre
 12359 | Orc:1    | Killed a two-headed ogre
 12360 | Orc:1    | Reached skill level 13 in Air Magic
 12455 | Orc:1    | Reached ***** piety under Sif Muna
 12621 | Orc:1    | Found Sofok's General Store.
 12639 | Orc:1    | Bought the Annotations on Different Profane Arts for 480
                  | gold pieces
 12647 | Orc:1    | Learned a level 7 spell: Storm Form
 12951 | D:9      | Reached skill level 1 in Transmutations
 13029 | D:9      | Noticed a two-headed ogre
 13033 | D:9      | Noticed Erolcha
 13190 | D:11     | Noticed a two-headed ogre
 13196 | D:11     | Killed a two-headed ogre
 13398 | D:11     | Received a gift from Sif Muna
 13635 | D:11     | Reached skill level 14 in Air Magic
 13635 | D:11     | Reached XP level 13. HP: 72/72 MP: 13/24
 14231 | D:11     | Reached skill level 5 in Transmutations
 14841 | D:11     | Found a staircase to the Lair.
 14860 | D:11     | Identified the +4 falchion of Yfutuoh {protect, Dex+5}
 15357 | Lair:1   | Entered Level 1 of the Lair of Beasts
 15635 | Orc:2    | Entered Level 2 of the Orcish Mines
 15635 | Orc:2    | Noticed Saint Roka
 15635 | Orc:2    | Found a staircase to the Elven Halls.
 15638 | Orc:2    | Reached skill level 15 in Air Magic
 15638 | Orc:2    | Noticed Donald
 15648 | Orc:2    | Killed Saint Roka
 15648 | Orc:2    | Annihilated by Donald

Illustrated notes

Levels and vault maps discovered:
D:1:      eino_arrival_water_cross, layout_rooms,
          dilly_ecumenical_altar_fadedgnrine
D:2:      minmay_wonky_spiral, layout_basic, kennysheep_generic_room_4
D:3:      layout_basic, chequers_temple_overflow_minitemple,
          minmay_misc_feat_chi, kennysheep_generic_room_3
D:4:      layout_loops_ring, serial_park_tiny_2, minivault_23,
          minmay_misc_feat_tower, minmay_misc_feat_encased, uniq_eustachio
D:5:      layout_loops_ring, nicolae_gozag_cash_rules_everything_around_me,
          marbit_many_paths, uniq_blork_the_orc, uniq_menkaure
D:6:      minmay_spotlight, layout_basic, old_standard_altar,
          minmay_temple_entry_large_hall, uniq_duvessa, uniq_pikel
D:7:      layout_rooms
D:8:      layout_loops_ring
D:9:      kennysheep_windowed_halls, layout_loops_ring, okawaru_humans,
          minmay_orc_entry_temple_small, patterned_corridor, uniq_erolcha
D:10:     minmay_chambers_of_sixes, layout_cave_pools, hangedman_glass_teeth,
          serial_bayou_pond_a
D:11:     minmay_bloctagon, layout_loops_ring, david_lair_generic,
          hangedman_incinerator
Lair:1:   layout_gridlike
Orc:1:    layout_diamond_mine, nicolae_volcano_entry_two_sided, serial_shops,
          shop, uniq_fannar
Orc:2:    grunt_orc_tribal_feast, layout_caves, uniq_saint_roka, uniq_urug,
          uniq_donald

Skill      XL: |  1  2  3  4  5  6  7  8  9 10 11 12 13 |
---------------+----------------------------------------+-----
Translocations | 1 |  1.1
Conjurations   | 2 4 5 6 7 9 12 14 | 14.0
Air Magic      | 2 3 4 6 8 11 14 15 | 15.0
Poison Magic   | 2 3 |  3.1
Fighting       | 2 5 |  5.1
Short Blades   | 4 8 |  8.1
Dodging        | 6 |  6.1
Spellcasting   | 4 6 7 |  7.1
Evocations     | 5 |  5.2
Transmutations | 3 6 |  6.5
Stealth        | |  2.3
Summonings     | |  1.8

Action                     |  1- 3 |  4- 6 |  7- 9 | 10-12 | 13-15 || total
---------------------------+-------+-------+-------+-------+-------++-------
  Melee: Dagger            |    26 |    40 |       |       |       ||    66
         Kick              |     7 |    13 |    48 |    60 |    21 ||   149
         Peck              |     3 |    11 |    35 |    41 |    18 ||   108
         Punch             |     1 |     1 |       |     5 |     1 ||     8
         Rapier            |       |     3 |   134 |   162 |    52 ||   351
   Cast: Magic Dart        |   110 |    64 |    83 |    80 |       ||   337
         Mephitic Cloud    |     2 |     9 |    33 |    65 |    21 ||   130
         Stone Arrow       |       |     3 |       |   140 |    89 ||   232
         Conjure Ball Ligh |       |       |       |    11 |     3 ||    14
  Evoke: Wand              |       |       |       |     7 |     2 ||     9
         Phantom mirror    |       |       |       |       |     1 ||     1
    Use: Scroll            |       |     4 |    12 |    10 |     3 ||    29
         Potion            |       |     3 |       |     1 |     1 ||     5
   Stab: Confused          |       |     1 |     9 |     7 |     5 ||    22
         Sleeping          |       |       |     3 |     1 |       ||     4
 Armour: Robe              |     9 |     6 |     6 |    15 |     9 ||    45
  Dodge: Dodged            |    14 |    46 |    84 |   126 |    61 ||   331
         Repelled          |       |       |       |     2 |     2 ||     4

Table legend: (Time is in decaauts)
 A = Elapsed time spent in this place.
 B = Non-inter-level travel time spent in this place.
 C = Inter-level travel time spent in this place.
 D = Time resting spent in this place.
 E = Time spent auto-exploring this place.
 F = Levels seen in this place.
 G = Mean time per level.
                   A        B        C        D        E       F      G
               +--------+--------+--------+--------+--------+-----+--------+
         Total |  14967 |  14109 |    858 |   3015 |   7928 |  15 |  997.8 |
       Dungeon |  13410 |  12590 |    820 |   2471 |   7509 |  11 | 1219.1 |
          Lair |      6 |      6 |      0 |      0 |      0 |   1 |    6.0 |
  Orcish Mines |   1230 |   1193 |     37 |    398 |    418 |   2 |  615.0 |
       Volcano |    320 |    320 |      0 |    146 |      0 |   1 |  320.0 |
               +--------+--------+--------+--------+--------+-----+--------+

Top non-repeatable levels by time:
     D:9: 1920 daAuts
    D:11: 1918 daAuts
     D:4: 1518 daAuts
    D:10: 1343 daAuts
     D:3: 1294 daAuts
   Orc:1: 1217 daAuts
     D:5: 1092 daAuts
     D:1: 991 daAuts
     D:6: 910 daAuts
     D:2: 883 daAuts
     D:8: 784 daAuts
     D:7: 753 daAuts
 Volcano: 320 daAuts
   Orc:2: 12 daAuts
  Lair:1: 6 daAuts
